 Dungeon Crawl Stone Soup version 0.28.0-45-g0d030f2227 (webtiles) character file.

Game seed: 6039056796279067296

1625 Icepheonix32 the Covered (level 8, -11/64 HPs)
             Began as a Demonspawn Fighter on Apr 10, 2022.
             Mangled by a merfolk
             ... wielding a +0 trident
             ... created by the fury of Okawaru
              (18 damage)
             ... on level 6 of the Dungeon.
             The game lasted 00:07:54 (6245 turns).

Icepheonix32 the Covered (Demonspawn Fighter)       Turns: 6245, Time: 00:07:54

Health: -11/64     AC: 15    Str: 18    XL:     8   Next: 65%
Magic:  6/10       EV: 10    Int: 16    God:
Gold:   387        SH:  0    Dex: 13    Spells: 8/9 levels left

rFire   . . .      SeeInvis .   a - +1 long sword (freeze)
rCold   . . .      Faith    .   (no shield)
rNeg    . . .      Spirit   .   b - +0 scale mail
rPois   .          Reflect  .   B - +0 helmet
rElec   .          Harm     .   (no cloak)
rCorr   .          Rampage  .   f - +0 pair of gloves
Will    +....                   t - +0 pair of boots
Stlth   ..........              (no amulet)
HPRegen 0.20/turn               w - +4 ring of protection
MPRegen 0.12/turn               n - ring of willpower

@: confused
A: demonic guardian 1, spiny 1, big brain 3
a: no special abilities


You were on level 6 of the Dungeon.
You visited 1 branch of the dungeon, and saw 6 of its levels.

You collected 387 gold pieces.

Inventory:

Hand Weapons
 a - a +1 long sword of freezing (weapon)
Missiles
 d - 6 poisoned darts
Armour
 b - a +0 scale mail (worn)
 c - a +0 buckler
 f - a +0 pair of gloves (worn)
 k - a +0 ring mail
 t - a +0 pair of boots (worn)
 u - an orb of energy
 B - a +0 helmet (worn)
Jewellery
 i - a +6 ring of intelligence
 n - a ring of willpower (right hand)
 w - a +4 ring of protection (left hand)
 x - a ring of flight
Scrolls
 e - 2 scrolls of torment {unknown}
 o - a scroll of vulnerability {unknown}
 p - 3 scrolls of teleportation {unknown}
 q - a scroll of magic mapping {unknown}
 r - a scroll of blinking {unknown}
 y - 2 scrolls of noise {unknown}
Potions
 g - 3 potions of mutation {unknown}
 h - a potion of lignification
 j - 2 potions of haste
 l - 2 potions of invisibility {unknown}
 m - 2 potions of curing {unknown}
 s - 2 potions of heal wounds {unknown}
 v - a potion of brilliance {unknown}
 z - 2 potions of degeneration {unknown}
 A - a potion of cancellation {unknown}


   Skills:
 + Level 5.8 Fighting
 - Level 2.0 Long Blades
 + Level 6.7 Armour
 + Level 2.8 Dodging
 + Level 2.0 Stealth
 - Level 4.0 Shields
 * Level 1.0 Spellcasting
 * Level 1.5 Necromancy
 * Level 3.2 Invocations
 * Level 2.5 Evocations


You had 8 spell levels left.
You knew the following spells:

 Your Spells              Type           Power      Damage    Failure   Level
a - Pain                  Necr           20%        1d5       14%         1

Your spell library contained the following spells:

 Spells                   Type           Power      Damage    Failure   Level
 Animate Skeleton         Necr           10%        N/A       14%         1
 Ensorcelled Hibernation  Hex/Ice        0%         N/A       34%         2
 Vampiric Draining        Necr           5%         2d6       38%         3
 Confusing Touch          Hex            0%         N/A       56%         3
 Spider Form              Tmut/Pois      0%         N/A       56%         3
 Anguish                  Hex/Necr       1%         N/A       86%         4
 Alistair's Intoxication  Tmut/Pois      0%         N/A       99%         5
 Borgnjor's Vile Clutch   Necr/Erth      1%         N/A       99%         5
 Yara's Violent Unravell  Hex/Tmut       0%         3d3       99%         5
 Eringya's Noxious Bog    Tmut/Pois      0%         N/A       100%        6
 Enfeeble                 Hex            0%         N/A       100%        7


Dungeon Overview and Level Annotations

Branches:
Dungeon (6/15)
 Temple: D:4-7

Altars:
Cheibriados
Dithmenos
Makhleb
Okawaru
Ru
Sif Muna
Vehumet
Wu Jian
Xom
Yredelemnul
The Shining One

Shops:
D:2 =   D:4 =


Innate Abilities, Weirdness & Mutations

A weak demonic guardian rushes to your aid.
You are partially covered in sharp spines.
You have an absolutely massive brain. (Int +6, Wiz)


Message History

The black bear is severely wounded.
The black bear goes berserk!
You hit the black bear. You freeze the black bear. You punch the black bear.
The black bear is almost dead.
The black bear bites you! The black bear claws you.
The black bear claws you but does no damage.
The black bear bites you but does no damage.
The black bear barely misses you.
The black bear claws you but does no damage.
Casting: Pain (safe; 16% risk of failure)
Confirm with . or Enter, or press ? or * to list all spells.
Aiming: Pain (safe; 16% risk of failure)
Press: ? - help, Shift-Dir - straight line, f/p - black bear
Aim: a black bear (almost dead, berserk, chance to affect: 48%)
Okay, then.
You are too injured to fight recklessly!
You are too injured to fight recklessly!
Sorry, you're not good enough to have a special ability.
Casting: Pain (safe; 16% risk of failure)
Confirm with . or Enter, or press ? or * to list all spells.
Aiming: Pain (safe; 16% risk of failure)
Press: ? - help, Shift-Dir - straight line, f/p - black bear
Aim: a black bear (almost dead, berserk, chance to affect: 48%)
The black bear writhes in agony.
You kill the black bear!
Your Spellcasting skill increases to level 1!
Unknown command.
Okawaru sends forces against you! The divine experience confuses you!
You are confused.
An orc warrior, 2 orcs, an orc wizard and 5 merfolk come into view.
A merfolk impaler is wielding a +0 trident of protection.
A merfolk is wielding a +0 trident and quivering boomerangs of dispersal.
You bump into the rock wall.
The orc shouts! x2; The orc wizard shouts!
The merfolk shouts! x3
Your magical contamination has completely faded away.
You bump into the rock wall.
The merfolk impaler hits you with a +0 trident of protection!
* * * LOW HITPOINT WARNING * * *
A demonic guardian appears!
The merfolk hits you with a +0 trident!!
You die...

... 8.....8#........ ...
#.....##........ ..
#8...8##........ .. ##_##
#........
#.##########†.......
#.#..#...##†........
#........m†...#.###.
##..#....#.m5...#
####.##...o@###..#
#.........mmo##..#. ##
#...>.............. .
#.(........o<.o.?...###.####
#.......m...........#.......
#.................. ###..##.
..............##..... #..##.
.....?.........# #.....
#....# ###.............#
#...##.##..


You could see a merfolk impaler, 4 merfolk, an orc warrior, an orc wizard, 2
orcs and a friendly ufetubus (summoned).

Vanquished Creatures
  Sigmund (D:3)
  Menkaure (D:4)
  A water moccasin (D:5)
  A black bear (D:6)
  2 ogres
  3 scorpions
  A water moccasin zombie (D:5)
  A water moccasin skeleton (D:5)
  A bullfrog zombie (D:6)
  4 hounds (D:5)
  3 jellies
  3 iguanas
  2 orc wizards (D:3)
  A hound zombie (D:5)
  A hound skeleton (D:4)
  3 howler monkey zombies
  Robin (D:4)
  15 adders
  2 white imps (D:6)
  An adder skeleton (D:4)
  2 worms (D:2)
  2 dart slugs
  11 orcs
  5 ball pythons
  4 bats
  4 endoplasms
  3 giant cockroaches (D:1)
  14 goblins
  12 hobgoblins
  5 kobolds
  3 quokkas
  6 frilled lizards
  7 rats
126 creatures vanquished.

Notes
Turn   | Place    | Note
-------+----------+-------------------------------------------
     0 | D:1      | Icepheonix32 the Demonspawn Fighter began the quest for the
                  | Orb.
     0 | D:1      | Reached XP level 1. HP: 18/18 MP: 1/1
   442 | D:1      | Gained mutation: You are partially covered in sharp spines.
                  | [demonic ancestry]
   442 | D:1      | Reached XP level 2. HP: 24/24 MP: 2/2
   955 | D:1      | Reached skill level 3 in Armour
   960 | D:1      | Reached XP level 3. HP: 29/29 MP: 3/3
  1269 | D:2      | Found Ycweizic's Jewellery Emporium.
  1634 | D:2      | Gained mutation: You have an unusually large brain. (Int
                  | +2) [demonic ancestry]
  1634 | D:2      | Reached XP level 4. HP: 18/36 MP: 4/4
  2178 | D:3      | Gained mutation: You have an extremely huge brain. (Int +4)
                  | [demonic ancestry]
  2178 | D:3      | Reached XP level 5. HP: 2/42 MP: 5/5
  2526 | D:3      | Reached skill level 4 in Armour
  2533 | D:3      | HP: 2/42 [poisoned by an adder]
  3048 | D:3      | Noticed Sigmund
  3058 | D:3      | Killed Sigmund
  3059 | D:3      | Reached skill level 1 in Dodging
  3059 | D:3      | Reached XP level 6. HP: 12/49 MP: 6/6
  3464 | D:3      | Found a snail-covered altar of Cheibriados.
  3805 | D:3      | Found a large runed translucent door.
  3806 | D:3      | Found a large runed translucent door.
  3974 | D:3      | Found a radiant altar of Vehumet.
  3988 | D:3      | Found a shimmering altar of Xom.
  4106 | D:4      | Reached skill level 5 in Armour
  4207 | D:4      | Found Yhousea's Jewellery Shop.
  4271 | D:4      | Noticed Menkaure
  4276 | D:4      | Killed Menkaure
  4277 | D:4      | Gained mutation: You have an absolutely massive brain. (Int
                  | +6, Wiz) [demonic ancestry]
  4277 | D:4      | Reached XP level 7. HP: 55/55 MP: 7/7
  4345 | D:4      | Found an iron altar of Okawaru.
  4461 | D:4      | Noticed Robin
  4467 | D:4      | Killed Robin
  4468 | D:4      | Reached skill level 1 in Stealth
  4571 | D:4      | Became a worshipper of Warmaster Okawaru
  4730 | D:4      | Found a shadowy altar of Dithmenos.
  4854 | D:4      | Reached skill level 5 in Fighting
  5198 | D:5      | Entered Level 5 of the Dungeon
  5204 | D:5      | Found a shimmering blue altar of Sif Muna.
  5288 | D:5      | Reached skill level 1 in Evocations
  5320 | D:5      | Reached skill level 6 in Armour
  5347 | D:5      | Reached skill level 1 in Invocations
  5349 | D:5      | Reached * piety under Okawaru
  5350 | D:5      | Gained mutation: A weak demonic guardian rushes to your
                  | aid. [demonic ancestry]
  5350 | D:5      | Reached XP level 8. HP: 60/62 MP: 7/9
  5363 | D:5      | Fell from the grace of Okawaru
  5516 | D:5      | Found an ornate altar of the Wu Jian Council.
  5557 | D:5      | Found a burning altar of Makhleb.
  5745 | D:5      | Found a sacrificial altar of Ru.
  5928 | D:6      | Learned a level 1 spell: Pain
  6121 | D:6      | Found a basalt altar of Yredelemnul.
  6162 | D:6      | Reached skill level 1 in Necromancy
  6242 | D:6      | Reached skill level 1 in Spellcasting
  6244 | D:6      | Noticed a merfolk impaler
  6244 | D:6      | Noticed a merfolk
  6244 | D:6      | Noticed a merfolk
  6244 | D:6      | Noticed a merfolk
  6244 | D:6      | Noticed a merfolk
  6245 | D:6      | Mangled by a merfolk

Illustrated notes

Levels and vault maps discovered:
D:1:      matt_arrival_refuge, layout_basic, minmay_misc_feat_x,
          minmay_misc_feat_diagonals
D:2:      layout_rooms, serial_shops, shop_statue
D:3:      layout_loops_ring, kennysheep_slug_shrine, jmf_multi_god_temple2,
          st_stairs_14, chequers_serial_rivers_marsh,
          chequers_serial_rivers_large_a, minivault_27, uniq_sigmund
D:4:      layout_basic, nicolae_dithmenos_the_darkroom,
          mainiacjoe_overflow_alcove_1, serial_shops, nicolae_shop_waterfront,
          hangedman_decor_growths, uniq_menkaure, uniq_robin
D:5:      layout_rooms, mainiacjoe_overflow_alcove_2,
          nicolae_tso_carved_into_rock, nicolae_ru_great_annihilating_truth,
          nicolae_wu_jian_wuxing_cycle, mainiacjoe_overflow_catwalk,
          nrook_loot_triangle, kennysheep_generic_room_13
D:6:      layout_rooms, nicolae_overflow_hidden_temple

Skill      XL: |  1  2  3  4  5  6  7  8 |
---------------+-------------------------+-----
Long Blades    | 2 |  2.0
Shields        | 3 4 |  4.0
Armour         | 3 4 5 6 |  6.7
Fighting       | 4 5 |  5.8
Dodging        | 1 2 |  2.8
Stealth        | 1 2 |  2.0
Evocations     | 1 2 |  2.5
Invocations    | 1 3 |  3.2
Necromancy     | 1 |  1.5
Spellcasting   | 1 |  1.0

Action                   |  1- 3 |  4- 6 |  7- 9 || total
-------------------------+-------+-------+-------++-------
Melee: Long sword        |    89 |   101 |   116 ||   306
       Punch             |       |       |     1 ||     1
Throw: Dart              |       |     1 |       ||     1
 Cast: Pain              |       |       |    10 ||    10
Invok: Renounce Religion |       |       |     1 ||     1
  Use: Scroll            |       |     5 |     1 ||     6
       Potion            |       |     1 |       ||     1
 Stab: Invisible         |       |       |     1 ||     1
       Paralysed         |       |       |     1 ||     1
Armor: Scale mail        |    53 |    37 |    71 ||   161
Dodge: Dodged            |    40 |    30 |    70 ||   140
Block: Buckler           |    26 |    15 |    21 ||    62
